 Dungeon Crawl Stone Soup version 0.28-a0-834-g1a73be5ee4 (webtiles) character file.

Game seed: 18204436776993424147

40 croobank the Gusty (level 3, -1/14 HPs)
             Began as a Felid Air Elementalist on Nov 12, 2021.
             Slain by an adder skeleton (2 damage)
             ... on level 2 of the Dungeon.
             The game lasted 00:06:32 (1719 turns).

croobank the Gusty (Felid Air Elementalist)         Turns: 1719, Time: 00:06:33

Health: -1/14      AC:  1    Str:  5    XL:     3   Next: 30%
Magic:  6/7        EV: 18    Int: 16    God:
Gold:   29         SH:  0    Dex: 16    Spells: 5/6 levels left
                                        Lives:  0   Deaths: 0

rFire   . . .      SeeInvis +   (weapon unavailable)
rCold   . . .      Faith    .   (shield unavailable)
rNeg    . . .      Spirit   .   (armour unavailable)
rPois   .          Reflect  .   (helmet unavailable)
rElec   .          Harm     .   (cloak unavailable)
rCorr   .          Rampage  .   (gloves unavailable)
Will    .....                   (boots unavailable)
Stlth   ++........              (no amulet)
HPRegen 0.04/turn               (no ring)
MPRegen 0.10/turn               (no ring)

@: very slightly contaminated, quick
A: very small, claws 1, fangs 3, see invisible, speed 1, shaggy fur 1, stealthy
paws, no weapons or thrown items, no armour, multi-lived
a: no special abilities


You were on level 2 of the Dungeon.
You visited 1 branch of the dungeon, and saw 2 of its levels.

You collected 29 gold pieces.

Inventory:

Potions
 a - a potion of berserk rage {unknown}
 b - a potion of mutation {unknown}
 c - a potion of attraction {unknown}


   Skills:
 + Level 3.2 Dodging
 + Level 3.2 Stealth
 + Level 0.6 Unarmed Combat
 + Level 2.2 Spellcasting
 + Level 1.0 Conjurations
 + Level 3.2 Air Magic


You had 5 spell levels left.
You knew the following spells:

 Your Spells              Type           Power      Damage    Failure   Level
a - Shock                 Conj/Air       32%        1d5       9%          1

Your spell library contained the following spells:

 Spells                   Type           Power      Damage    Failure   Level
 Static Discharge         Conj/Air       8%         N/A       13%         2
 Swiftness                Air            12%        N/A       16%         3
 Airstrike                Air            6%         N/A       47%         4


Dungeon Overview and Level Annotations

Branches:
Dungeon (2/15)

Altars:


Innate Abilities, Weirdness & Mutations

You have sharp claws.
You have razor-sharp teeth.
You have supernaturally acute eyesight. (SInv)
You cover ground quickly. (Speed+)
You are covered in fur. (AC +1)
Your paws help you pounce on unaware monsters.
You are incapable of wielding weapons or throwing items.
You cannot wear armour.
You gain extra lives every three experience levels.


Message History

The adder skeleton is heavily damaged.
The adder skeleton closely misses you.
You scratch the adder skeleton but do no damage.
You bite the adder skeleton.
The adder skeleton is severely damaged.
The adder skeleton misses you. The adder skeleton closely misses you.
You barely miss the adder skeleton.
The adder skeleton is severely damaged.
The adder skeleton bites you.
You barely miss the adder skeleton.
The adder skeleton is severely damaged.
The adder skeleton bites you.
* * * LOW HITPOINT WARNING * * *
You scratch the adder skeleton.
The adder skeleton is almost destroyed.
The adder skeleton barely misses you.
You barely miss the adder skeleton.
The adder skeleton is almost destroyed.
The adder skeleton completely misses you.
You scratch the adder skeleton but do no damage.
The adder skeleton is almost destroyed.
The adder skeleton closely misses you.
You barely miss the adder skeleton.
The adder skeleton is almost destroyed.
The adder skeleton completely misses you.
You scratch the adder skeleton but do no damage.
The adder skeleton is almost destroyed.
The adder skeleton bites you.
* * * LOW HITPOINT WARNING * * *
You scratch the adder skeleton but do no damage.
The adder skeleton is almost destroyed.
The adder skeleton closely misses you.
Aiming: Shock (safe; 9% risk of failure)
Press: ? - help, Q - select action Shift-Dir - straight line, f/p - adder skeleton
Aim: an adder skeleton (almost destroyed, 77% to hit)
You miscast Shock.
You are very lightly contaminated with residual magic.
Nothing appears to happen.
The adder skeleton bites you.
You die...

#......
#......
#.....#
##.....#
#......#
##......#
........##
##..<.#
#...Z@#
##....#
#.....
....#.##
###.##.#
#. ..# ##
###


You could see an adder skeleton.

Vanquished Creatures
  2 dart slugs (D:1)
  3 ball pythons (D:1)
  5 endoplasms
  A giant cockroach (D:1)
  A goblin (D:1)
  3 hobgoblins (D:1)
  7 jackals (D:1)
  2 kobolds (D:1)
  3 bats (D:1)
  A frilled lizard (D:1)
  A rat (D:1)
29 creatures vanquished.

Notes
Turn   | Place    | Note
-------+----------+-------------------------------------------
     0 | D:1      | croobank the Felid Air Elementalist began the quest for the
                  | Orb.
     0 | D:1      | Reached XP level 1. HP: 7/7 MP: 4/4
   510 | D:1      | Reached XP level 2. HP: 10/11 MP: 0/6
   927 | D:1      | Reached skill level 1 in Conjurations
   936 | D:1      | Reached XP level 3. HP: 13/14 MP: 3/7
  1719 | D:2      | Slain by an adder skeleton

Illustrated notes

Levels and vault maps discovered:
D:1:      kennysheep_arrival_seaside, layout_loops_ring,
          minmay_indecisive_spiral
D:2:      layout_loops_corners, serial_undead, serial_undead_a, serial_undead_b,
          serial_undead_e, serial_undead_c

Skill      XL: |  1  2 |
---------------+-------+-----
Dodging        | 3 |  3.2
Air Magic      | 3 |  3.2
Stealth        | 3 |  3.2
Conjurations   | 1 |  1.0
Unarmed Combat | |  0.6
Spellcasting   | |  2.2

Action                   || total
-------------------------++-------
Melee: Unarmed           ||    56
       Bite              ||     3
 Cast: Shock             ||    37
  Use: Scroll            ||     1
 Stab: Sleeping          ||     1
Armor: Skin              ||     4
Dodge: Dodged            ||    52

Table legend: (Time is in decaauts)
 A = Elapsed time spent in this place.
 B = Non-inter-level travel time spent in this place.
 C = Inter-level travel time spent in this place.
 D = Time resting spent in this place.
 E = Time spent auto-exploring this place.
 F = Levels seen in this place.
 G = Mean time per level.
                   A        B        C        D        E       F      G
               +--------+--------+--------+--------+--------+-----+--------+
         Total |   1567 |   1520 |     47 |    406 |    895 |   2 |  783.5 |
       Dungeon |   1567 |   1520 |     47 |    406 |    895 |   2 |  783.5 |
               +--------+--------+--------+--------+--------+-----+--------+

Top non-repeatable levels by time:
     D:1: 1545 daAuts
     D:2: 22 daAuts
